 Dungeon Crawl Stone Soup version 0.31.0-12-g77e489cdc1 (webtiles) character file.

Game seed: 5948956829768177588

421 Doomgape the Trooper (level 6, 0/40 HPs)
             Began as a Gargoyle Fighter on Feb 21, 2024.
             Incinerated by a bombardier beetle (5 damage)
             ... with a burning spray
             ... on level 4 of the Dungeon.
             The game lasted 00:07:52 (3165 turns).

Doomgape the Trooper (Gargoyle Fighter)             Turns: 3165, Time: 00:07:53

Health: 0/40       AC: 14    Str: 21    XL:     6   Next: 94%
Magic:  6/6        EV: 10    Int:  9    God:
Gold:   150        SH:  4    Dex:  9    Spells: 5/5 levels left

rFire   . . .        a - +0 flail
rCold   . . .        c - +0 buckler
rNeg    + . .        b - +4 ring mail of Conoatsa {Will+}
rPois   ∞            (no helmet)
rElec   +            (no cloak)
rCorr   .            (no gloves)
SInv    .            (no boots)
Will    +....        (no amulet) Stlth
                     (no ring)
HPRegen 0.26/turn    (no ring)
MPRegen 0.10/turn

%: no passive effects
@: on fire, hasted, glowing, very quick
A: sickness immunity, AC +4, negative energy resistance 1, electricity
resistance, torment resistance 1, petrification resistance
a: no special abilities


You were on level 4 of the Dungeon.
You visited 1 branch of the dungeon, and saw 4 of its levels.

You collected 150 gold pieces.

Inventory:

Hand Weapons
 a - a +0 flail (weapon)
Armour
 b - the +4 ring mail of Conoatsa (worn) {Will+}
   (You found it on level 4 of the Dungeon)

   Will+:     It increases your willpower.
 c - a +0 buckler (worn)
Scrolls
 f - 2 scrolls of teleportation
 i - a scroll of amnesia
 j - 3 scrolls of identify
 k - a scroll of torment
 m - 2 scrolls of fear
Potions
 d - a potion of might
 e - 2 potions of haste
 g - a potion of mutation {unknown}
 h - 2 potions of degeneration {unknown}
 l - 2 potions of invisibility {unknown}


   Skills:
 + Level 5.3 Fighting
 + Level 4.1 Maces & Flails
 + Level 5.2 Armour
 - Level 4.1 Shields


You had 5 spell levels left.
You didn't know any spells.
Your spell library contained the following spells:

 Spells                   Type           Power      Damage    Failure   Level
 Apportation              Tloc           0%         N/A       61%         1
 Necrotise                Necr           0%         1d4       61%         1
 Sting                    Conj/Alch      0%         1d3       61%         1
 Summon Small Mammal      Summ           0%         N/A       61%         1


Dungeon Overview and Level Annotations

Branches:
Dungeon (4/15)
 Temple: D:4-7

Altars:
Xom


Innate Abilities, Weirdness & Mutations

You are immune to sickness and miasma.
Your stone body is resilient. (AC +4)
You are immune to poison.
You resist negative energy. (rN+)
You are resistant to electric shocks. (rElec)
You are resistant to unholy torment.
You are immune to petrification.


Message History

An endoplasm comes into view.
A bombardier beetle comes into view.
The endoplasm hits you but does no damage.
You sock the endoplasm!
You kill the endoplasm!
The bombardier beetle sprays incendiary fluid at you.
The burning spray hits you.
You are covered in liquid fire!
You hit the bombardier beetle.
The bombardier beetle is moderately wounded.
The liquid fire burns you!
You barely miss the bombardier beetle.
The bombardier beetle is moderately wounded.
The liquid fire burns you!
The bombardier beetle sprays incendiary fluid at you.
The burning spray hits you.
You are even more covered in liquid fire!
You barely miss the bombardier beetle.
The bombardier beetle is moderately wounded.
The liquid fire burns you!
The bombardier beetle bites you but does no damage.
You sock the bombardier beetle!
The bombardier beetle is almost dead.
The liquid fire burns you!
The bombardier beetle bites you but does no damage.
You sock the bombardier beetle!
You kill the bombardier beetle!
The liquid fire burns you!
You shake off some of the fire as you move.
The liquid fire burns you!
You are on fire!
You shake off some of the fire as you move.
The liquid fire burns you!
* * * LOW HITPOINT WARNING * * *
You shake off some of the fire as you move.
The liquid fire burns you!
* * * LOW HITPOINT WARNING * * *
It was a potion of haste.
You feel yourself speed up. The liquid fire burns you!
You die...

...##....# #..##....#
####### #..###...#
#.....#
#..##....###.....#
...........#.....#####
.....................#
.....................#
#.####...............#
#..###..........@.$..#
#.........)..........#
#.#..###...#.........#
.....# ########......#
..#.## #......# .##.#
#......# ###.#
######## # #.# ###.#


There were no monsters in sight!

Vanquished Creatures
  A phantom (D:4)
  2 scorpions (D:4)
  2 hounds
  A bombardier beetle (D:4)
  Terence (D:2)
  An iguana (D:4)
  An adder (D:4)
  3 dart slugs
  2 ribbon worms
  3 orcs
  6 endoplasms
  2 giant cockroaches
  5 goblins
  9 hobgoblins
  3 jackals (D:1)
  A quokka (D:2)
  5 ball pythons
  5 bats
  6 frilled lizards
  5 kobolds
  7 rats
71 creatures vanquished.

Notes
Turn   | Place    | Note
-------+----------+-------------------------------------------
     0 | D:1      | Doomgape the Gargoyle Fighter began the quest for the Orb.
     0 | D:1      | Reached XP level 1. HP: 14/14 MP: 1/1
   226 | D:1      | Reached XP level 2. HP: 18/19 MP: 2/2
   665 | D:1      | Reached XP level 3. HP: 23/23 MP: 3/3
  1015 | D:2      | Noticed Terence
  1032 | D:2      | Killed Terence
  1118 | D:2      | Reached XP level 4. HP: 29/29 MP: 4/4
  1599 | D:2      | Found a faded altar of an unknown god.
  1865 | D:3      | Found a shimmering altar of Xom.
  2215 | D:3      | Reached XP level 5. HP: 33/33 MP: 5/5
  2356 | D:3      | Identified the +1 dagger "Moerent" {speed, rPois Str+4
                  | Int-2}
  2369 | D:3      | Identified the ring of Dystrog {*Slow rElec rPois Int+6}
  2515 | D:4      | Noticed a phantom
  2696 | D:4      | Killed a phantom
  2697 | D:4      | Reached XP level 6. HP: 32/40 MP: 6/6
  2726 | D:4      | Reached skill level 5 in Fighting
  2731 | D:4      | Reached skill level 5 in Armour
  2881 | D:4      | Identified the +4 ring mail of Conoatsa {Will+}
  3165 | D:4      | Incinerated by a bombardier beetle

Illustrated notes

Levels and vault maps discovered:
D:1:      psy_arrival_conway, layout_basic, minmay_bisected
D:2:      layout_loops_ring, shapermc_ecumenical_altar_hornbeckon, minivault_23,
          uniq_terence
D:3:      layout_basic, mainiacjoe_overflow_surrounded_room,
          kennysheep_generic_room_11
D:4:      layout_rooms

Skill      XL: |  1  2  3  4  5  6 |
---------------+-------------------+-----
Fighting       | 4 5 |  5.3
Armour         | 4 5 |  5.2
Shields        | 4 |  4.1
Maces & Flails | 3 4 |  4.1

Action                     |  1- 3 |  4- 6 || total
---------------------------+-------+-------++-------
  Melee: Flail             |    89 |   222 ||   311
    Use: Scroll            |     4 |     3 ||     7
         Potion            |       |     1 ||     1
 Armour: Scale mail        |    16 |       ||    16
         Chain mail        |    50 |   173 ||   223
         Ring mail         |       |    12 ||    12
  Dodge: Dodged            |    27 |   108 ||   135
  Block: Buckler           |    22 |    56 ||    78
